 Dungeon Crawl Stone Soup version 0.18.1-8-gdd0e5ea (webtiles) character file.

49 Wooh the Ducker (level 3, -3/17 HPs)
             Began as a Felid Berserker on May 25, 2016.
             Was a Believer of Trog.
             Killed by nerve-wracking pain
             ... invoked by Jessica
              (10 damage)
             ... on level 2 of the Dungeon.
             The game lasted 00:04:36 (1475 turns).

Wooh the Ducker (Felid Berserker)                   Turns: 1475, Time: 00:04:37

Health: -3/17      AC:  1    Str: 13    XL:     3   Next: 53%
Magic:  4/4        EV: 20    Int:  8    God:    Trog [**....]
Gold:   17         SH:  0    Dex: 16    Spells: 0 memorised, 2 levels left
                                        Lives:  0   Deaths: 0

rFire  . . .     SeeInvis +       - Unarmed
rCold  . . .     Gourm    .     (armour unavailable)
rNeg   . . .     Faith    .     (shield unavailable)
rPois  +         Spirit   .     (helmet unavailable)
rElec  .         Dismiss  .     (cloak unavailable)
rCorr  .         Reflect  .     (gloves unavailable)
SustAt .         Harm     .     (boots unavailable)
MR     .....                    (no amulet)
Stlth  +++.......               (no ring)
                                l - ring of poison resistance

@: slowed, slow, not resistant to hostile enchantments, fairly stealthy
A: no armour, no weapons or thrown items, claws 1, fangs 3, see invisible,
carnivore 3, speed 1, shaggy fur 1, slow metabolism 1, sharp paws
a: Berserk, Trog's Hand, Burn Spellbooks, Renounce Religion


You were on level 2 of the Dungeon.
You worshipped Trog.
Trog was pleased with you.
You were completely stuffed.

You visited 1 branch of the dungeon, and saw 2 of its levels.

You collected 17 gold pieces.

Inventory:

Jewellery
 l - a ring of poison resistance (left paw)
Scrolls
 b - 2 scrolls of random uselessness {unknown}
 d - a scroll of teleportation {unknown}
 e - 2 scrolls of amnesia {unknown}
 j - a scroll of enchant armour {unknown}
 k - 4 scrolls of identify {unknown}
 o - a scroll of noise {unknown}
 p - a scroll of blinking {unknown}
Potions
 c - a potion of lignification {unknown}
 g - 2 potions of degeneration {unknown}
 h - a potion of heal wounds {unknown}
 i - a potion of curing {unknown}
 m - 2 potions of agility {unknown}
 n - a potion of resistance {unknown}
Comestibles
 a - a meat ration
 f - 8 chunks of flesh


   Skills:
 - Level 3.0 Fighting
 - Level 5.1 Dodging
 + Level 3.3 Stealth
 - Level 3.0 Unarmed Combat


You had 2 spell levels left.
You didn't know any spells.

Dungeon Overview and Level Annotations

Branches:
Dungeon (2/15)

Altars:

Annotations:
D:2 Jessica, Sigmund


Innate Abilities, Weirdness & Mutations

You cannot wear armour.
You are incapable of wielding weapons or throwing items.
You have sharp claws.
You have razor-sharp teeth.
You have supernaturally acute eyesight.
You are carnivorous and can eat meat at any time.
You cover ground quickly.
You are covered in fur (AC +1).
You have a slow metabolism.
Your sharp claws are effective at attacking unaware monsters.


Message History

You scratch Jessica.
Jessica is heavily wounded.
Jessica closely misses you.
You scratch Jessica.
Jessica is almost dead.
Jessica hits you with a club. Jessica barely misses you.
You barely miss Jessica.
Jessica is almost dead.
Jessica mumbles some strange words.
Jessica seems to speed up.
You closely miss Jessica.
Jessica is almost dead.
Jessica casts a spell.
Jessica blinks!
You barely miss Jessica.
Jessica is almost dead.
Jessica gestures at you while chanting. Pain shoots through your body!
Ouch! That really hurt!
You die...

#...........
#.........#
#.......###
######....##
##...##....#
#.....##.#.#
#..........#
#...@.#.####
##..@##.#
##.###.# #.
#.# #. #.#
#. #.# #.
..# #. ###
#/


You could see Jessica.

Vanquished Creatures
  An adder (D:2)
  3 dart slugs (D:1)
  A giant gecko (D:2)
  A ball python (D:1)
  5 bats
  4 goblins
  3 hobgoblins (D:1)
  4 jackals
  A giant newt (D:1)
  A kobold (D:2)
  9 rats (D:1)
33 creatures vanquished.

Notes
Turn   | Place    | Note
--------------------------------------------------------------
     0 | D:1      | Wooh the Felid Berserker began the quest for the Orb.
     0 | D:1      | Reached XP level 1. HP: 10/10 MP: 2/2
   537 | D:1      | Reached XP level 2. HP: 11/14 MP: 3/3
   570 | D:1      | Reached skill level 5 in Dodging
   765 | D:1      | Reached skill level 1 in Stealth
   868 | D:1      | Reached ** piety under Trog
   992 | D:1      | Reached XP level 3. HP: 16/17 MP: 4/4
  1326 | D:2      | Noticed Sigmund
  1468 | D:2      | Noticed Jessica
  1475 | D:2      | Killed from afar by Jessica

Skill      XL: |  1  2  3 |
---------------+----------+-----
Dodging        | 5 |  5.1
Stealth        | 2 3 |  3.3
Fighting       | |  3.0
Unarmed Combat | |  3.0

Action                   || total
-------------------------++-------
Melee: Unarmed           ||   100
       Bite              ||     7
       Punch             ||     3
Invok: Berserk           ||     4
 Stab: Sleeping          ||     2
       Distracted        ||     1
  Eat: Chunk             ||    12
Armor: Skin              ||     7
Dodge: Dodged            ||    68
